 Dungeon Crawl Stone Soup version 0.28.0-43-g3370ac3207 (webtiles) character file.

Game seed: 8026413928557937987

5236 bnorton916 the Destroyer (level 10, -14/70 (71) HPs)
             Began as a Barachi Ice Elementalist on Mar 17, 2022.
             Was a Follower of Cheibriados.
             Killed from afar by Maurice (41 damage)
             ... with a bolt of acid
             ... on level 9 of the Dungeon.
             The game lasted 00:32:22 (17967 turns).

bnorton916 the Destroyer (BaIE)                    Turns: 17967, Time: 00:32:23

HP:   -14/70 (71)   AC: -2    Str: 13    XL:     10   Next: 61%
MP:   5/16          EV: 15    Int: 22    God:    Cheibriados [*.....]
Gold: 143           SH:  0    Dex: 16    Spells: 4/20 levels left

rFire   . . .      SeeInvis .   n - +1 mace (holy)
rCold   + . .      Faith    .   (no shield)
rNeg    . . .      Spirit   .   d - +2 robe {rC+}
rPois   .          Reflect  .   (no helmet)
rElec   .          Harm     .   c - +0 cloak {Will+}
rCorr   .          Rampage  .   (no gloves)
Will    ++...                   (no boots)
Stlth   ++........              (no amulet)
HPRegen 0.21/turn               o - ring of willpower
MPRegen 0.15/turn               (no ring)

@: corroded, lightly drained, very slow
A: amphibious, slowness 1, strong legs 1, +LOS, low MP 1
a: Hop, Renounce Religion, Bend Time


You were on level 9 of the Dungeon.
You worshipped Cheibriados.
Cheibriados was aware of your devotion.
You visited 2 branches of the dungeon, and saw 10 of its levels.

You collected 359 gold pieces.
You spent 216 gold pieces at shops.

Inventory:

Hand Weapons
 f - a +1 vampiric short sword
 g - a +0 hand crossbow
 n - a +1 mace of holy wrath (weapon)
 B - a +0 long sword
 E - a +2 whip of freezing
 N - a +4 great sword
Missiles
 m - 221 stones
 u - 5 boomerangs (quivered)
 v - 23 poisoned darts
 x - 33 bolts
 M - 4 boomerangs of dispersal
Armour
 c - a +0 cloak of willpower (worn)
 d - a +2 robe of cold resistance (worn)
 l - a +1 ring mail of willpower
 t - the +4 chain mail of Shielding {rC++ Str+3}
   (You found it on level 3 of the Dungeon)

   Str:       It affects your strength (+3).
   rC:        It greatly protects you from cold.
 w - an orb of guile
Magical Staves
 h - a staff of conjuration
Jewellery
 o - a ring of willpower (left hand)
 H - a ring of ice
Wands
 C - a wand of paralysis (7)
Scrolls
 a - 2 scrolls of fog
 e - 4 scrolls of noise
 j - 3 scrolls of enchant weapon
 p - 3 scrolls of amnesia
 s - 2 scrolls of fear
 y - a scroll of holy word
 z - 2 scrolls of identify
 A - 2 scrolls of torment
 F - a scroll of magic mapping
 G - 2 scrolls of blinking {unknown}
Potions
 i - 4 potions of lignification
 k - 6 potions of curing
 q - 2 potions of cancellation
 r - a potion of magic
 D - 3 potions of might
 I - a potion of brilliance
 J - a potion of invisibility
 K - 2 potions of flight
 L - a potion of heal wounds


   Skills:
 - Level 4.0 Fighting
 - Level 0.4 Short Blades
 - Level 6.6 Armour
 - Level 6.5 Dodging
 - Level 1.7 Stealth
 - Level 0.2 Unarmed Combat
 - Level 5.8 Spellcasting
 + Level 9.8 Conjurations
 - Level 8.1 Ice Magic
 - Level 2.0 Air Magic
 - Level 4.1 Poison Magic


You had 4 spell levels left.
You knew the following spells:

 Your Spells              Type           Power      Damage    Failure   Level
a - Freeze                Ice            100%       1d11      1%          1
b - Frozen Ramparts       Ice            84%        1d10      1%          3
c - Ozocubu's Armour      Ice            42%        N/A       1%          3
d - Poisonous Vapours     Pois/Air       38%        N/A       4%          2
e - Hailstorm             Conj/Ice       45%        3d10      2%          4
f - Mephitic Cloud        Conj/Pois/Air  29%        N/A       3%          3

Your spell library contained the following spells:

 Spells                   Type           Power      Damage    Failure   Level
 Magic Dart               Conj           100%       1d8       1%          1
 Corpse Rot               Necr/Air       20%        N/A       10%         2
 Blink                    Tloc           12%        N/A       14%         2
 Call Imp                 Summ           6%         N/A       14%         2
 Confusing Touch          Hex            6%         N/A       28%         3
 Lesser Beckoning         Tloc           6%         N/A       28%         3
 Iskenderun's Battlesphe  Conj           49%        2d10      4%          5
 Fireball                 Conj/Fire      14%        3d8       34%         5
 Conjure Ball Lightning   Conj/Air       16%        3x3d6     77%         6
 Orb of Destruction       Conj           24%        9d9       80%         7
 Manifold Assault         Tloc           6%         N/A       95%         5
 Yara's Violent Unravell  Hex/Tmut       3%         3d4       95%         5
 Enfeeble                 Hex            3%         N/A       100%        7


Dungeon Overview and Level Annotations

Branches:
Dungeon (9/15)             Temple (1/1) D:7             Orc (0/2) D:9
   Lair: D:8-11

Altars:
Ashenzari
Cheibriados
Fedhas
Gozag
Nemelex Xobeh
Okawaru
Qazlal
Ru
Sif Muna
Uskayaw
Vehumet
Wu Jian
Xom
Zin

Shops:
D:5 (   D:8 ([((!

Annotations:
D:5 3 runed translucent doors, vvl's ghost, novice DrAE
D:9 Maurice


Innate Abilities, Weirdness & Mutations

You are amphibious.
You cover ground slowly.
You can hop short distances.
You have an extended range of vision and can be seen from far away.
Your magical capacity is low. (-10% MP)


Message History

You barely miss the purple ugly thing.
The purple ugly thing is lightly wounded.
Your surroundings suddenly seem different.
Your icy armour cracks and falls away as you move.
The frozen ramparts melt away as you move.
Maurice the Thief comes into view.
He is wielding a +0 dagger of speed and carrying a wand of acid (4).
Maurice shouts!
Maurice casts a spell.
Maurice flickers and vanishes!
Deactivating autopickup; reactivate with Ctrl-A.
You hear a zap.
A bolt of acid appears from out of thin air!
The bolt of acid hits you! The acid corrodes you!
Casting: Frozen Ramparts (safe; 1% risk of failure)
Confirm with . or Enter, or press ? or * to list all spells.
A film of ice covers your body!
You hear a zap.
A bolt of acid appears from out of thin air!
The bolt of acid hits you! The acid corrodes you!
Casting: Ozocubu's Armour (safe; 1% risk of failure)
Confirm with . or Enter, or press ? or * to list all spells.
You can't see any susceptible monsters within range! (Use Z to cast anyway.)
Casting: Ozocubu's Armour (safe; 1% risk of failure)
Confirm with . or Enter, or press ? or * to list all spells.
You can't see any susceptible monsters within range! (Use Z to cast anyway.) Unknown command.
You can't see any enemies this would affect, really read the scroll of fear?
As you read the scroll of fear, it crumbles to dust.
You assume a fearsome visage.
Nothing appears to happen.
Unknown command.
Your icy armour cracks and falls away as you move.
Found 17 gold pieces.
You hear a zap.
A bolt of acid appears from out of thin air!
The bolt of acid hits you!! The acid corrodes you!
You hear a zap.
A bolt of acid appears from out of thin air!
The bolt of acid hits you!!!
Ouch! That really hurt!
You die...

#####################
..........{..@......#
#........##########......
########.# .. .........#
.. ...#####.# .# #.# .#
#.# ##.#######
#.############..##..[..
#..............##......


There were no monsters in sight!

Vanquished Creatures
  A two-headed ogre (D:8)
  A komodo dragon (D:7)
  5 yaks (D:8)
  3 water moccasins
  3 ice beasts
  2 orc warriors
  3 necrophages
  A black bear (D:8)
  2 hornet zombies
  2 ogres
  A boggart (D:9)
  A centaur (D:9)
  2 kobold brigands
  2 bullfrogs
  A wyvern zombie (D:7)
  3 scorpions
  A wyvern skeleton (D:6)
  6 killer bees
  9 wights
  A howler monkey (D:8)
  A centaur zombie (D:9)
  A hound (D:3)
  A jelly (D:5)
  Crazy Yiuf (D:7)
  5 orc priests
  A gnoll shaman (D:7)
  An iguana (D:3)
  6 orc wizards
  2 howler monkey zombies (D:9)
  8 gnolls
  12 adders
  2 shadow imps
  A white imp (D:5)
  4 dart slugs
  26 orcs
  14 ball pythons
  4 endoplasms
  9 giant cockroaches
  8 goblins
  5 hobgoblins
  4 jackals (D:1)
  14 kobolds
  8 quokkas
  3 bats
  2 frilled lizards (D:1)
  A jackal skeleton (D:4)
  7 rats
201 creatures vanquished.

Vanquished Creatures (others)
  2 plants (D:1)
  5 toadstools (D:1)
7 creatures vanquished.

Grand Total: 208 creatures vanquished

Notes
Turn   | Place    | Note
-------+----------+-------------------------------------------
     0 | D:1      | bnorton916 the Barachi Ice Elementalist began the quest for
                  | the Orb.
     0 | D:1      | Reached XP level 1. HP: 13/13 MP: 3/3
    56 | D:1      | Reached skill level 5 in Ice Magic
   421 | D:1      | Reached XP level 2. HP: 19/19 MP: 3/5
  1034 | D:1      | Reached XP level 3. HP: 24/24 MP: 4/7
  1038 | D:1      | Learned a level 3 spell: Frozen Ramparts
  1042 | D:1      | Learned a level 3 spell: Ozocubu's Armour
  1399 | D:1      | Found a faded altar of an unknown god.
  1802 | D:2      | Reached XP level 4. HP: 31/31 MP: 5/8
  1842 | D:2      | Found a shimmering blue altar of Sif Muna.
  2205 | D:3      | You fall into a shaft and drop 2 floors!
  2205 | D:5      | Entered Level 5 of the Dungeon
  2207 | D:5      | Noticed a necrophage
  2568 | D:4      | Reached XP level 5. HP: 17/36 MP: 6/10
  2975 | D:4      | Found an ornate altar of the Wu Jian Council.
  3168 | D:4      | Noticed an ice beast
  3423 | D:4      | Learned a level 2 spell: Poisonous Vapours
  3481 | D:4      | Killed an ice beast
  3482 | D:4      | Reached skill level 1 in Poison Magic
  3482 | D:4      | Reached XP level 6. HP: 3/42 MP: 10/12
  4707 | D:3      | Reached skill level 1 in Air Magic
  4803 | D:3      | Gained mutation: You are weak. (Str -2) [potion of
                  | mutation]
  4804 | D:3      | Lost mutation: You are weak. (Str -2) [potion of mutation]
  4804 | D:3      | Gained mutation: Your magical capacity is low. (-10% MP)
                  | [potion of mutation]
  5250 | D:3      | Identified the +4 chain mail of Shielding {rC++ Str+3}
  5312 | D:3      | Reached XP level 7. HP: 32/47 MP: 3/12
  5687 | D:5      | Reached skill level 5 in Spellcasting
  5800 | D:5      | Found Wefuu's Weapon Shop.
  6605 | D:5      | Found a runed translucent gate.
  6605 | D:5      | Found a runed translucent gate.
  6605 | D:5      | Found a runed translucent gate.
  6608 | D:5      | Found an opulent altar of Gozag.
  6608 | D:5      | Noticed a yak
  6608 | D:5      | Noticed vvl's ghost (novice DrAE)
  6766 | D:5      | Found a stormy altar of Qazlal.
  6866 | D:5      | Reached XP level 8. HP: 50/53 MP: 11/15
  7111 | D:5      | Reached skill level 1 in Armour
  8107 | D:6      | Reached skill level 5 in Dodging
  8113 | D:6      | Reached skill level 5 in Armour
  8115 | D:6      | Reached XP level 9. HP: 32/58 MP: 5/15
 10528 | D:7      | Reached skill level 1 in Fighting
 10543 | D:7      | Reached skill level 1 in Conjurations
 10855 | D:7      | Reached skill level 2 in Conjurations
 10946 | D:7      | Found a staircase to the Ecumenical Temple.
 11016 | Temple   | Entered the Ecumenical Temple
 11075 | Temple   | Became a worshipper of Cheibriados the Contemplative
 11423 | D:7      | Reached skill level 3 in Conjurations
 12821 | D:7      | Found a blossoming altar of Fedhas.
 12869 | D:7      | Noticed a komodo dragon
 12877 | D:7      | Killed a komodo dragon
 12878 | D:7      | Reached skill level 5 in Conjurations
 13072 | D:7      | Learned a level 4 spell: Hailstorm
 13109 | D:7      | Found a runed translucent door.
 13110 | D:7      | Noticed Crazy Yiuf
 13117 | D:7      | Killed Crazy Yiuf
 13458 | D:8      | Reached skill level 6 in Conjurations
 13458 | D:8      | Reached XP level 10. HP: 61/71 MP: 10/16
 13468 | D:8      | Reached * piety under Cheibriados
 13469 | D:8      | Reached skill level 7 in Conjurations
 13683 | D:8      | Found Beguat's Distillery.
 13687 | D:8      | Bought a potion of brilliance for 48 gold pieces
 13687 | D:8      | Bought a potion of invisibility for 96 gold pieces
 13687 | D:8      | Bought 2 potions of flight for 72 gold pieces
 13799 | D:8      | Found Qeirema Omos's Antique Weapon Boutique.
 13820 | D:8      | Reached skill level 8 in Conjurations
 14241 | D:8      | Found Pacheab's Antique Armour Shop.
 14262 | D:8      | Found Feguo's Weapon Shop.
 14704 | D:8      | Found Deen's Weapon Boutique.
 15642 | D:9      | Found a staircase to the Orcish Mines.
 15683 | D:9      | Noticed a two-headed ogre
 15697 | D:9      | Noticed a centaur warrior
 15697 | D:9      | HP: 3/71 [two-headed ogre/+0 giant club (10)]
 16440 | D:9      | Noticed a two-headed ogre
 16674 | D:9      | Noticed a purple ugly thing
 17375 | D:8      | Learned a level 3 spell: Mephitic Cloud
 17829 | D:8      | Killed a two-headed ogre
 17830 | D:8      | Reached skill level 9 in Conjurations
 17956 | D:9      | Noticed Maurice
 17967 | D:9      | Killed from afar by Maurice

Illustrated notes

Levels and vault maps discovered:
D:1:      ldierk_walled_garden, layout_rooms, shapermc_ecumenical_altar_pompeii
D:2:      layout_loops_ring, basic_altar
D:3:      minmay_general_purpose_star, layout_loops_ring, portal_sewer_entry_f,
          feat_on_display
D:4:      layout_basic, lemuel_doored_altar, hangedman_abyss_or_decor_passed,
          minmay_snake_closets
D:5:      layout_cave_pods, mainiacjoe_overflow_alcove_2, serial_shops, shop,
          ebering_ghost_gozag
D:6:      layout_loops_ring, minmay_quadrilaterals
D:7:      layout_basic, fedhas_altar_4, minmay_temple_entry_sparse_star,
          nicolae_elevator_lobby_asterisk, uniq_crazy_yiuf_cottage
D:8:      layout_layer_cave, serial_shops, shop, nicolae_shop_crystal,
          shop_statue, nicolae_lakefront_shop, kennysheep_mini,
          kennysheep_generic_room_4
D:9:      minmay_curly_fans, layout_rooms, grunt_ministairs_14, uniq_harold,
          uniq_maurice
Temple:   mainiacjoe_temple_bowtie_tessellation

Skill      XL: |  1  2  3  4  5  6  7  8  9 10 |
---------------+-------------------------------+-----
Ice Magic      | 5 6 7 8 |  8.1
Spellcasting   | 3 4 5 |  5.8
Poison Magic   | 1 2 4 |  4.1
Air Magic      | 1 2 |  2.0
Armour         | 5 6 |  6.6
Dodging        | 5 6 |  6.5
Fighting       | 4 |  4.0
Conjurations   | 6 9 |  9.8
Short Blades   | |  0.4
Stealth        | |  1.7
Unarmed Combat | |  0.2

Action                   |  1- 3 |  4- 6 |  7- 9 | 10-12 || total
-------------------------+-------+-------+-------+-------++-------
Melee: Unarmed           |    45 |       |       |       ||    45
       Short sword       |    27 |    89 |    56 |    32 ||   204
       Punch             |     2 |     1 |     4 |     3 ||    10
       Mace              |       |       |   120 |    37 ||   157
Throw: Stone             |       |     1 |     2 |       ||     3
       Boomerang         |       |       |    13 |     6 ||    19
 Cast: Freeze            |    34 |    43 |    12 |       ||    89
       Frozen Ramparts   |     2 |    13 |    48 |    17 ||    80
       Ozocubu's Armour  |       |     3 |    35 |    12 ||    50
       Mephitic Cloud    |       |       |       |     1 ||     1
       Poisonous Vapours |       |       |       |     1 ||     1
       Hailstorm         |       |       |       |     1 ||     1
 Abil: Hop               |     1 |     1 |       |     2 ||     4
Evoke: Wand              |       |     2 |    20 |     1 ||    23
  Use: Scroll            |       |     6 |    11 |     5 ||    22
       Potion            |       |     2 |     1 |       ||     3
 Stab: Sleeping          |     1 |     2 |       |     1 ||     4
Armor: Robe              |    31 |    47 |    86 |    19 ||   183
Dodge: Dodged            |    70 |    99 |   201 |    92 ||   462
